 Dungeon Crawl Stone Soup version 0.27-a0-1149-g4505690ab0 (webtiles) character file.

Game seed: 10661504167440786537

103 Lekart the Skirmisher (level 4, -2/61 HPs)
             Began as a Draconian Chaos Knight on May 13, 2021.
             Was a Plaything of Xom.
             Splashed by Ijyb's acid (14 damage)
             ... on level 3 of the Dungeon.
             The game lasted 00:02:02 (2257 turns).

Lekart the Skirmisher (Draconian Chaos Knight)      Turns: 2257, Time: 00:02:02

Health: -2/61      AC: 18    Str: 14    XL:     4   Next: 51%
Magic:  4/4        EV:  2    Int: 12    God:    Xom [..*...]
Gold:   90         SH:  0    Dex: 12    Spells: 3/3 levels left

rFire    . . .     SeeInvis .   a - +0 falchion (chaos)
rCold    . . .     Faith    .   (no shield)
rNeg     + + +     Spirit   .   (armour unavailable)
rPois    +         Reflect  .   (helmet currently unavailable)
rElec    .         Harm     .   (cloak currently unavailable)
rCorr    .         Rampage  .   (gloves currently unavailable)
Will     .....     NoTele   +   (boots currently unavailable)
Stlth    +.........             (no amulet)
HPRegen  0.20/turn              (no ring)
MPRegen  0.09/turn              (no ring)

@: tree-form (expiring), corroded
A: stationary, stasis, torment immunity, boosted hp, AC +5, unfitting armour,
(cold-blooded)
a: Renounce Religion


You were on level 3 of the Dungeon.
You worshipped Xom.
You were a toy of Xom.
You were a tree.
You visited 1 branch of the dungeon, and saw 3 of its levels.

You collected 90 gold pieces.

Inventory:

Hand Weapons
 a - a +0 falchion of chaos (weapon)
Jewellery
 c - a +6 ring of strength
 f - a +4 ring of evasion
Scrolls
 d - a scroll of fog {unknown}
 e - a scroll of fear {unknown}
 g - a scroll of vulnerability {unknown}
 i - a scroll of silence {unknown}
Potions
 h - 2 potions of heal wounds {unknown}
 j - a potion of curing {unknown}


   Skills:
 * Level 4.7 Fighting
 + Level 4.0 Long Blades
 + Level 2.6 Dodging


You had 3 spell levels left.
You didn't know any spells.
Your spell library contained the following spells:

 Spells                   Type           Power      Damage    Failure   Level
 Beastly Appendage        Tmut           0%         N/A       32%         1
 Wereblood                Tmut           0%         N/A       45%         2
 Spider Form              Tmut/Pois      0%         N/A       69%         3
 Ice Form                 Ice/Tmut       0%         N/A       97%         4
 Hydra Form               Tmut           0%         N/A       100%        5


Dungeon Overview and Level Annotations

Branches:
Dungeon (3/15)

Altars:

Annotations:
D:3 Ijyb


Innate Abilities, Weirdness & Mutations

You are a tree.
Your roots penetrate the ground, keeping you stationary.
You cannot be teleported.
You are immune to unholy pain and torment.
Your maximum health is greatly increased.
Your equipment is partially melded.
((Your plain brown scales are hard. (AC +5)))
You cannot fit into any form of body armour.
((You are cold-blooded and may be slowed by cold attacks.))


Message History

The bolt of acid hits you but does no damage.
You are splashed with acid!
You hit Ijyb but do no damage.
Ijyb is severely wounded.
Ijyb hits you but does no damage.
You hit Ijyb.
Ijyb is severely wounded.
Ijyb hits you with a +0 dagger.
You hit Ijyb but do no damage.
Ijyb suddenly seems more agile.
Ijyb is severely wounded.
You are no longer corroded.
Ijyb hits you but does no damage.
You closely miss Ijyb.
Ijyb is severely wounded.
Ijyb hits you but does no damage.
Ijyb screams, "Me very upset!"
Ijyb hits you but does no damage.
You barely miss Ijyb.
Ijyb is severely wounded.
Your transformation is almost over.
Ijyb hits you with a +0 dagger.
You miss Ijyb.
Ijyb is severely wounded.
Ijyb hits you but does no damage.
You closely miss Ijyb.
Ijyb is severely wounded.
Ijyb hits you but does no damage.
You hit Ijyb but do no damage.
Ijyb is poisoned.
Ijyb is severely wounded.
Ijyb hits you but does no damage.
You barely miss Ijyb.
Ijyb is severely wounded.
Ijyb hits you but does no damage.
You hit Ijyb but do no damage.
Ijyb seems to grow stronger.
Ijyb is almost dead.
Ijyb zaps a wand.
The bolt of acid hits you!
* * * LOW HITPOINT WARNING * * *
The acid corrodes you!
You are splashed with acid!
You die...
Xom laughs nastily!

#.#.. #...#
..... ... . ...
. . ##.#.# #..
##)g#.##...
######.#♣#.#.8..
.....<#.........
...............⌠
......#...#.....
#####...###.8..
##.#####...
###.##.# #..
#....<.# .# #
##.#>##.###...#


You could see Ijyb (strong, agile, very poisoned, drained).

Vanquished Creatures
  A jelly (D:2)
  A worm (D:2)
  3 dart slugs
  An orc (D:2)
  5 bats
  5 endoplasms
  3 giant cockroaches
  5 goblins
  6 hobgoblins
  4 jackals (D:2)
  3 kobolds
  6 quokkas
  4 ball pythons
  2 frilled lizards
  7 rats
56 creatures vanquished.

Notes
Turn   | Place    | Note
-------+----------+-------------------------------------------
     0 | D:1      | Lekart the Draconian Chaos Knight began the quest for the
                  | Orb.
     0 | D:1      | Reached XP level 1. HP: 19/19 MP: 1/1
   115 | D:1      | XOM: silly message
   133 | D:1      | Reached XP level 2. HP: 25/27 MP: 2/2
   685 | D:1      | Found a faded altar of an unknown god.
  1189 | D:2      | Reached XP level 3. HP: 33/33 MP: 3/3
  1309 | D:2      | Reached XP level 4. HP: 17/41 MP: 4/4
  2183 | D:2      | XOM: divination: magic mapping
  2221 | D:3      | XOM: silly message
  2233 | D:3      | Noticed Ijyb
  2257 | D:3      | Splashed by Ijyb's acid

Illustrated notes

Levels and vault maps discovered:
D:1:      dpeg_arrival_long_road, layout_loops_ring,
          shapermc_ecumenical_altar_totnotflames
D:2:      wad_crossroads, layout_rooms, moated_statue
D:3:      layout_loops_cross, minmay_stone_trees_small,
          wad_floor_pattern_untrapped, uniq_grinder, uniq_ijyb, uniq_terence,
          uniq_sigmund, uniq_crazy_yiuf_cottage, uniq_natasha

Skill      XL: |  1  2  3  4 |
---------------+-------------+-----
Fighting       | 4 |  4.7
Long Blades    | 4 |  4.0
Dodging        | |  2.6

Action                   |  1- 3 |  4- 6 || total
-------------------------+-------+-------++-------
Melee: Falchion          |    77 |    62 ||   139
       Tailslap          |     8 |     2 ||    10
  Use: Scroll            |     2 |       ||     2
       Potion            |       |     1 ||     1
 Stab: Sleeping          |     1 |     2 ||     3
Armor: Skin              |    29 |    34 ||    63
Dodge: Dodged            |    56 |    35 ||    91
       Rpst.: Falchion   |    13 |    14 ||    27

Table legend: (Time is in decaauts)
 A = Elapsed time spent in this place.
 B = Non-inter-level travel time spent in this place.
 C = Inter-level travel time spent in this place.
 D = Time resting spent in this place.
 E = Time spent auto-exploring this place.
 F = Levels seen in this place.
 G = Mean time per level.
                   A        B        C        D        E       F      G
               +--------+--------+--------+--------+--------+-----+--------+
         Total |   2279 |   2222 |     57 |    352 |   1553 |   3 |  759.7 |
       Dungeon |   2279 |   2222 |     57 |    352 |   1553 |   3 |  759.7 |
               +--------+--------+--------+--------+--------+-----+--------+

Top non-repeatable levels by time:
     D:1: 1194 daAuts
     D:2: 1044 daAuts
     D:3: 40 daAuts
